[Event "SUI-ch Bundesturnier TP-1 2022"]
[Site "Payerne"]
[Date "2022.05.26"]
[Round "2.1"]
[White "Menzi, Jonas"]
[Black "Bauer, Christian"]
[Result "0-1"]
[ECO "B03"]
[WhiteElo "1965"]
[BlackElo "2596"]
[Annotator "TA"]
[PlyCount "80"]
[EventDate "2022.05.26"]
[EventType "swiss"]
[EventCountry "SUI"]
[SourceTitle "playchess.com"]
[Source "ChessBase"]
[SourceQuality "1"]
[TimeControl "5400+30"]

1. e4 Nf6 2. e5 Nd5 3. d4 d6 4. c4 Nb6 5. exd6 cxd6 6. Nc3 g6 7. Be3 Bg7 8. Rc1 O-O 9. b3 Bf5 10. Be2 {[%emt 0:07:28] B03: Alekhine's Defence: Four Pawns Attack.} e5 11. dxe5 dxe5 12. Qxd8 {[%emt 0:00:42] White has an edge.} Rxd8 13. c5 Nc8 14. Nf3 Nc6 15. O-O N8e7 {[%emt 0:12:27] [#]} 16. Bc4 $146 ({Predecessor:} 16. Rfd1 Nd4 17. Bxd4 exd4 18. Nb5 d3 19. Bf1 Nc8 20. Rc4 a6 21. Nbd4 b5 22. cxb6 Nxb6 {0-1 (32) Jakubiec,E (2184)-Chetverik,M (2258) Krakow 2014}) 16... Na5 17. Be2 Nec6 18. Rfd1 Nd4 19. Bf1 Nac6 20. Nd2 Bc2 21. Re1 Nb4 $36 {[%emt 0:00:11][%mdl 2048] Black is pushing.} 22. Nc4 Rd7 23. a3 (23. Nd6 $11 {remains equal.}) 23... Nd3 $17 24. Bxd3 Bxd3 25. Nd2 Nc2 {[%emt 0:02:43] Black is much more active.} (25... f5 $142 26. g3 Nc2) 26. Red1 Rad8 27. a4 h6 (27... Bf5 $17 28. Nc4 Nd4 29. Bxd4 exd4) 28. Nf1 {[%emt 0:03:02] [#] White does not recover from this.} (28. Nde4 $15) 28... e4 $19 29. Bd2 (29. Rd2 {was necessary.} Bxc3 30. Rdxc2 Bxc2 31. Rxc2) 29... Nd4 30. b4 Nb3 31. Be3 Nxc1 32. Rxc1 f5 {[%emt 0:01:01] aiming for ...g5.} 33. Nd2 $2 {[%emt 0:01:02] [#]} (33. h4) 33... g5 34. g3 Be5 35. f4 gxf4 36. gxf4 Bd4 37. Kf2 Bxe3+ 38. Kxe3 Ba6 39. Ncb1 (39. Ndxe4 Rd3+ 40. Kf2 fxe4 41. b5) 39... Rd3+ 40. Kf2 e3+ {[%emt 0:00:05] Weighted Error Value: White=0.60/Black=0.22 (precise)} 0-1

[Event "SUI-ch Bundesturnier TP-1 2022"]
[Site "Payerne"]
[Date "2022.05.26"]
[Round "2.2"]
[White "Laurent-Paoli, Pierre"]
[Black "Schmid, Christoph"]
[Result "1-0"]
[ECO "C12"]
[WhiteElo "2486"]
[BlackElo "2045"]
[Annotator "TA"]
[PlyCount "59"]
[EventDate "2022.05.26"]
[EventType "swiss"]
[EventCountry "SUI"]
[SourceTitle "playchess.com"]
[Source "ChessBase"]
[SourceQuality "1"]
[TimeControl "5400+30"]

1. e4 e6 2. d4 d5 3. Nc3 Nf6 4. Bg5 Bb4 5. e5 h6 6. Bd2 Bxc3 7. bxc3 Ne4 8. Bc1 c5 {[%emt 0:05:39] C12: French: Classical System: McCutcheon Variation.} 9. Ne2 Qa5 (9... Qh4 10. g3 Qd8 11. f3 $16) 10. f3 $1 Nxc3 ({Black should play} 10... Ng5 $1 $14) 11. Qd2 $18 cxd4 12. Nxd4 {[%emt 0:00:05] Bb2 is the strong threat.} Qc7 {[%emt 0:00:41] [#]} 13. Bb2 $1 Qxe5+ 14. Kf2 Na4 15. Bb5+ Bd7 16. Bxa4 Bxa4 17. Qb4 {[%emt 0:00:50][%csl LRa4,LRb7] [#]} b5 $146 {[%emt 0:20:45] [#] White must now prevent ...Na6.} ({Predecessor:} 17... Bd7 18. Nxe6 Qxe6 19. Rhe1 Nc6 20. Rxe6+ fxe6 21. Qg4 O-O-O 22. Qxg7 Rhg8 23. Qxh6 e5 {1-0 (40) Christiansen,J (2525)-Vovk,I (2294) Sweden 2019}) 18. Nxe6 $1 Nc6 {[%emt 0:08:21][%cal Of7e6] [#]} (18... Qxe6 $2 19. Rae1 Nd7 20. Rxe6+ fxe6 21. Re1 $18) 19. Qa3 $1 Qb8 20. Nxg7+ (20. Qe3 $2 fxe6 21. Qxe6+ Ne7 22. Bxg7 Rh7 23. Bxh6 Bxc2 $19) 20... Kd7 21. Rad1 ({Don't take} 21. Qc5 $6 Qb6 22. Qxb6 axb6 $16) 21... Qb6+ 22. Qe3 {[%emt 0:00:55] Chess con chili. White is more active.} (22. Kg3 $16) 22... Qxe3+ $11 23. Kxe3 Bxc2 $2 (23... d4+ $11 24. Bxd4 Bxc2) 24. Rxd5+ $18 Kc7 25. Rc1 ({Don't do} 25. Rxb5 $6 Rab8) 25... Ba4 26. Rf5 $36 {[%emt 0:04:38][%mdl 2048] White has strong initiative.} Rac8 (26... b4 {might work better.} 27. Ra5 (27. Rxf7+ Kb6 $18) 27... Kb6 28. Rxa4 a5) 27. Rxf7+ Kb6 28. Rf6 {[%emt 0:01:24] Hoping for Nf5.} Rh7 $2 (28... b4 29. Ne6 h5) 29. Nf5 {[%emt 0:00:45] Threatens to win with Bd4+.} h5 $2 (29... b4 30. Bd4+ Kc7 31. Bxa7 Rd7) 30. Bd4+ {[%emt 0:00:30] Weighted Error Value: White=0.17 (very precise) /Black=0.47} 1-0

[Event "SUI-ch Bundesturnier TP-1 2022"]
[Site "Payerne"]
[Date "2022.05.26"]
[Round "2.3"]
[White "Collin, Moritz Valentin"]
[Black "Gschnitzer, Adrian"]
[Result "1-0"]
[ECO "D31"]
[WhiteElo "2052"]
[BlackElo "2441"]
[Annotator "TA"]
[PlyCount "97"]
[EventDate "2022.05.26"]
[EventType "swiss"]
[EventCountry "SUI"]
[SourceTitle "playchess.com"]
[Source "ChessBase"]
[SourceQuality "1"]
[TimeControl "5400+30"]

1. d4 d5 2. c4 e6 3. Nc3 c6 4. e4 dxe4 5. Nxe4 Bb4+ 6. Bd2 Qxd4 7. Bxb4 Qxe4+ 8. Be2 Na6 9. Ba5 b6 {[%emt 0:00:45] D31: Queen's Gambit Declined: Semi-Slav without ...Nf6 (+ Marshall Gambit and Noteboom) and Exchange Variation lines without ...Nf6.} 10. Qd6 Bd7 (10... Ne7 $2 11. O-O-O $1 O-O 12. Qxe7 $18) 11. Bc3 f6 {[%emt 0:00:26] The position is equal.} 12. Nf3 Nh6 13. O-O-O Rd8 (13... Nc5 $1 $17 14. Rhe1 (14. Bd3 Qg4 $15) 14... O-O-O) 14. Rhe1 {[%emt 0:21:15][%cal Of3g5][%mdl 1024] White has compensation.} Nf7 {[%emt 0:07:31] Against Ng5} 15. Qa3 Bc8 $1 {[%emt 0:03:12] [#]} 16. Nd4 $146 {[%emt 0:11:30][%mdl 2048] White is more active.} (16. Bd3 Qf4+ 17. Re3 Qc7 $15) ({Predecessor:} 16. Rxd8+ Nxd8 17. Ng5 Qf4+ 18. Bd2 Qxh2 19. Ne4 c5 20. Qf3 f5 21. Ng5 Bb7 22. Qe3 {1-0 (28) Gungl,T (2370)-Eryshkanova,A (2199) Arandjelovac 2021}) 16... Qf4+ 17. Kb1 Nc5 18. Bf3 O-O 19. Qxa7 Ne5 20. Qxb6 (20. g3 $14 Qh6 21. Qxb6) 20... Ned3 (20... Na4 $11 21. Qa5 Nxf3 22. gxf3 c5) 21. g3 $14 (21. Bxc6 Rxd4 22. Bxd4 Qxd4 $17) (21. Nxc6 Nxe1 22. Ne7+ (22. Rxd8 Qf5+) (22. Qxc5 Qe4+ 23. Ka1 Nc2+ 24. Kb1 Na3+ 25. Ka1 Rxd1+ 26. Bxd1 Qb1#) (22. Rxe1 Na4 $11) 22... Kf7 23. Rxd8 Rxd8 24. Qxd8 Ned3 $11) 21... Qg5 ({Black should play} 21... Qh6) 22. Re2 (22. Bxc6 $6 e5 23. Nc2 Be6 $11) (22. h4 $1 $16 Qg6 23. h5) 22... Na4 23. Qb3 ({Stronger than} 23. Qxc6 Nxc3+ 24. bxc3 Ne5 25. Rxe5 fxe5 $17) (23. Qa7 $14 Nxc3+ 24. bxc3) 23... Ndc5 $1 $11 {[%emt 0:00:45] Pair of Knights!} 24. Qc2 {[%emt 0:02:33] Strongly threatening Ree1. Active counter play!} Nxc3+ 25. bxc3 e5 26. h4 (26. Nxc6 $14 Bf5 27. Ne7+ Kh8 28. Nxf5 Rxd1+ 29. Qxd1 Qxf5+ 30. Rc2) 26... Qg6 27. Qxg6 (27. Bxc6 $5 exd4 28. Qxg6 hxg6 29. cxd4 $11 (29. Bd5+ $2 Rxd5 30. cxd5 Bg4 $19)) 27... hxg6 28. Bxc6 exd4 (28... Bf5+ $5 29. Ka1 Kh7 $15) 29. cxd4 ({But not} 29. Bd5+ $2 Rxd5 $1 30. cxd5 Bg4 $19) 29... Ba6 30. Rc2 (30. Red2 $11 Nb7 31. Bd5+ Kh7 32. Bxb7 Bxb7 33. d5) 30... Kh7 (30... Bb7 $15 31. Bxb7 Nxb7) 31. a4 Ne6 (31... Bc8 $11) 32. d5 (32. Bb5 $1 $14 Bc8 33. Rcd2) 32... Nc5 33. Kb2 f5 $2 (33... Rb8+ $15 34. Kc3 Rfc8) 34. Kc3 $16 {[%emt 0:00:43] Hoping for Kb4.} f4 $2 {[%emt 0:00:13] [#] A mistake that costs the game.} (34... Rb8 $16) 35. Kb4 $1 $18 Ne4 36. Re2 Nd6 (36... Rb8+ $2 37. Bb5 Nf6 38. gxf4 $18) 37. Bb5 Bc8 38. Ra2 {[%emt 0:00:55] And now c5 would win.} Ne4 (38... Rf5 {was necessary.} 39. a5 fxg3) 39. a5 fxg3 40. fxg3 Nxg3 41. a6 {[%emt 0:00:32] d6 is the strong threat.} Ne4 42. Bc6 {[%emt 0:00:54] Black must now prevent a7.} Bg4 $2 (42... Bxa6 43. Rxa6 Nd6) 43. Rd4 {[%emt 0:00:40] White is clearly winning.} Rb8+ 44. Bb5 Rf2 45. Rxf2 Nxf2 46. Ka5 Bc8 47. a7 Ra8 48. Kb6 Ng4 49. Bc6 {[%emt 0:00:28][%mdl 64] Trapped Piece.  Weighted Error Value: White=0.24 (precise) /Black=0.47} 1-0

[Event "SUI-ch Bundesturnier TP-1 2022"]
[Site "Payerne"]
[Date "2022.05.26"]
[Round "2.4"]
[White "Retti, Ivan"]
[Black "Joie, Sebastien"]
[Result "0-1"]
[ECO "B12"]
[WhiteElo "1992"]
[BlackElo "2376"]
[Annotator "TA"]
[PlyCount "63"]
[EventDate "2022.05.26"]
[EventType "swiss"]
[EventCountry "SUI"]
[SourceTitle "playchess.com"]
[Source "ChessBase"]
[SourceQuality "1"]
[TimeControl "5400+30"]

1. e4 c6 2. d4 d5 3. e5 Bf5 4. h4 h5 5. Bd3 Bxd3 6. Qxd3 {[%emt 0:00:05][%cal Oe5e6] B12: Caro-Kann: Advance Variation.} Qa5+ 7. Nd2 {[%emt 0:01:49][%cal Oe5e6] Strongly threatening e6!} e6 8. Ngf3 {[%emt 0:01:22] The position is equal.} Nh6 9. c3 {[%emt 0:04:17] [#]} Be7 $146 ({Predecessor:} 9... Nf5 10. Nb3 Qa6 11. Qxa6 Nxa6 12. Be3 Be7 13. Ke2 Rc8 14. g3 O-O 15. Kd2 Rfd8 {0-1 (49) Snitsarenko,I (1484)-Wahlgreen,N (1779) Bratislava 2019}) 10. Nf1 Nf5 11. Ne3 Nxe3 12. fxe3 Qa6 13. Qxa6 Nxa6 14. O-O f5 15. exf6 (15. a4 $11) 15... gxf6 $15 16. Bd2 {[%emt 0:00:26] Black converts the advantage convincingly.} ({White should play} 16. Re1 $15) 16... Kd7 17. Rac1 (17. Rae1 $15) 17... Rhg8 $17 18. Rc2 Rg4 19. Be1 Rag8 20. Rff2 Nc7 {[%emt 0:00:50][%cal Ba6c7,Bc7b5,Bb5d6,Bd6f5][%mdl 32] Black is more active.} 21. Kf1 Nb5 22. Rfe2 Nd6 23. b3 Nf5 24. c4 Bd6 25. cxd5 exd5 ({Stronger than} 25... cxd5 26. Kg1) 26. b4 a6 27. a4 (27. a3 $142) 27... Re8 $19 28. Bf2 Bxb4 29. Rb2 a5 30. Be1 $2 {[%emt 0:00:05] [#]} (30. Ne1) 30... Rxe3 31. Bxb4 Rxe2 32. Rxe2 {[%emt 0:00:13] Weighted Error Value: White=0.41/Black=0.10 (very precise)} 0-1

[Event "SUI-ch Bundesturnier TP-1 2022"]
[Site "Payerne"]
[Date "2022.05.26"]
[Round "2.5"]
[White "Stijve, Theo"]
[Black "Jaggy, Matteo"]
[Result "1-0"]
[ECO "E60"]
[WhiteElo "2341"]
[BlackElo "1999"]
[Annotator "TA"]
[PlyCount "39"]
[EventDate "2022.05.26"]
[EventType "swiss"]
[EventCountry "SUI"]
[SourceTitle "playchess.com"]
[Source "ChessBase"]
[SourceQuality "1"]
[TimeControl "5400+30"]

1. d4 Nf6 2. c4 g6 3. h4 h5 4. Nc3 d5 5. Bg5 dxc4 6. e4 {[%emt 0:04:45][%cal Be2e4,Be4e5][%mdl 32] E60: King's Indian: Unusual lines and Fianchetto Variation without Nc3.} Bg7 7. Bxc4 O-O 8. Nge2 {[%emt 0:06:04] [#] White is slightly better.} Nc6 $146 ({Predecessor:} 8... c5 9. d5 Nbd7 10. Bb3 a6 11. f4 Ng4 12. d6 Bf6 13. e5 Bxg5 14. hxg5 exd6 15. Qxd6 {1-0 (28) Jacobsen,M (2315)-Andersen,D (1806) Hillerod 2020}) 9. e5 Ng4 (9... Na5 $14) 10. f3 $16 Nh6 11. Qd2 {[%emt 0:07:21] White is more active.} Kh7 {[%emt 0:07:05] [#]} (11... Na5 $16 12. Bd5 (12. Bxh6 Nxc4 13. Qg5 Nxb2 $11) 12... c6) 12. g4 $1 $18 hxg4 $2 (12... Nxg4 13. fxg4 Bxg4) 13. h5 Nxe5 14. hxg6+ (14. dxe5 Qxd2+ 15. Kxd2 gxf3 16. hxg6+ (16. Bxe7 fxe2 17. Bxf8 Bxf8 $16) 16... fxg6 $18) 14... fxg6 15. dxe5 ({Less strong is} 15. Bxh6 Nxf3+ 16. Kd1 Nxd2 $16) 15... Qxd2+ 16. Kxd2 {[%emt 0:05:50] Threatens to win with f4.} ({Much less strong is} 16. Bxd2 gxf3 17. Nd4 b5 $18) 16... gxf3 17. Nf4 {[%emt 0:01:32][%cal Oh1h6] Hoping for Rxh6+!} ({Not} 17. Bxe7 Re8 $18) 17... f2 $2 {[%emt 0:07:09] [#]} (17... Rf5) 18. Rxh6+ $1 Bxh6 19. Rh1 b5 20. Rxh6+ {[%emt 0:00:23] Weighted Error Value: White=0.06 (flawless) /Black=1.10} 1-0

[Event "SUI-ch Bundesturnier TP-1 2022"]
[Site "Payerne"]
[Date "2022.05.26"]
[Round "2.6"]
[White "Mattenberger, Matthias"]
[Black "Sutter, Oliver"]
[Result "1/2-1/2"]
[ECO "D36"]
[WhiteElo "1960"]
[BlackElo "2316"]
[Annotator "TA"]
[PlyCount "53"]
[EventDate "2022.05.26"]
[EventType "swiss"]
[EventCountry "SUI"]
[SourceTitle "playchess.com"]
[Source "ChessBase"]
[SourceQuality "1"]
[TimeControl "5400+30"]

1. d4 d5 2. c4 e6 3. Nc3 Nf6 4. cxd5 exd5 5. Bg5 Be7 6. e3 Nbd7 7. Bd3 O-O 8. Nge2 h6 9. Bh4 c6 10. Qc2 Re8 11. O-O Nh5 12. Bxe7 Qxe7 13. Rab1 a5 14. a3 {[%emt 0:01:19] [#]} b6 $146 {[%emt 0:17:48] D36: Queen's Gambit Declined: Exchange Variation: Main line (5 Bg5 c6 6 Qc2).} ({Predecessor:} 14... Nb6 15. b4 axb4 16. axb4 Bd7 17. Nc1 Nc4 18. Bxc4 dxc4 19. b5 Nf6 20. N1e2 g6 21. Qb2 Bf5 22. Ra1 {½-½ (66) Krasenkow,M (2576)-Asadli,V (2579) Warsaw 2021}) 15. e4 dxe4 16. Bxe4 Bb7 17. Bf3 Nhf6 18. Nf4 Qd6 19. Nfe2 Rac8 20. Qb3 Ba6 21. Rfd1 Qb8 22. Rbc1 c5 23. a4 cxd4 24. Nxd4 Bc4 25. Qc2 Ne5 {[%emt 0:00:55] Inhibits Nc6.} 26. Qf5 {[%emt 0:02:51] [#]} (26. Qd2 $15) 26... Rc5 ({Black should play} 26... Nd3 $1 $17 27. Nc6 (27. Rxd3 $2 Rc5 $19) 27... Rxc6 28. Bxc6 Re5) 27. Qf4 {Weighted Error Value: White=0.10 (very precise) /Black=0.08 (flawless)} 1/2-1/2

[Event "SUI-ch Bundesturnier TP-1 2022"]
[Site "Payerne"]
[Date "2022.05.26"]
[Round "2.7"]
[White "Rohrer, Christophe"]
[Black "Bous, Florian"]
[Result "1/2-1/2"]
[ECO "C67"]
[WhiteElo "2285"]
[BlackElo "2010"]
[Annotator "TA"]
[PlyCount "76"]
[EventDate "2022.05.26"]
[EventType "swiss"]
[EventCountry "SUI"]
[SourceTitle "playchess.com"]
[Source "ChessBase"]
[SourceQuality "1"]
[TimeControl "5400+30"]

1. e4 e5 2. Nf3 Nc6 3. Bb5 Nf6 4. O-O Nxe4 5. Re1 Nd6 6. Nxe5 Nxe5 7. Rxe5+ Be7 8. Bd3 O-O 9. Nc3 Bf6 10. Re3 {[%emt 0:00:38][%cal Od3h7] [#] aiming for Bxh7+!} ({Much weaker is} 10. Qh5 g6 11. Qe2 Bxe5 12. Qxe5 Re8 $17) 10... Re8 {[%emt 0:01:03] C67: Ruy Lopez: Berlin Defence: 4 0-0 Nxe4.} 11. Qf3 {[%emt 0:08:29] [#]} (11. Nd5 {looks sharper.} Bg5 12. Rg3 Bf6 13. Nxf6+ Qxf6 14. Rf3) 11... Bg5 $146 ({Predecessor:} 11... Rxe3 12. fxe3 b6 13. Qxa8 Qe7 14. Ba6 Qf8 15. Bxc8 Nxc8 16. Qb7 Nd6 17. Nd5 Be5 18. Qxc7 Nc4 19. Qxd7 Nxb2 20. Bxb2 Bxb2 21. Rf1 Be5 22. d4 Qb8 23. dxe5 {1-0 (23) Rohrer,C (2230)-Ouaki,M (2081) Europe Echecs INT 2021}) 12. Re2 Rxe2 {[%emt 0:01:10] The position is equal.} (12... Rb8 {is more complex.} 13. b3 b6 14. Bb2 Bb7) 13. Qxe2 Qe8 14. Qd1 Qe5 15. b3 (15. Bf1 $5 ) 15... b6 16. Qe2 Qxe2 17. Nxe2 Bb7 18. f3 Re8 19. Kf2 g6 20. c4 Bh4+ 21. Kf1 (21. g3 $5 Bf6 22. Rb1 $11) 21... Bf6 22. Rb1 Nc8 23. Bb2 Bxb2 24. Rxb2 d5 25. Nc3 dxc4 26. bxc4 c5 27. Be4 Bxe4 28. Nxe4 $11 {[%emt 0:01:00][%mdl 4096] [#] Endgame And now Nf6+ would win. KRN-KRN} Kg7 {[%emt 0:01:48] Inhibits Nf6.} 29. Rb3 Rd8 {[%emt 0:00:40] Threatens to win with ...f5.} 30. Ke2 Rd4 31. d3 Ne7 32. Nc3 Rd7 33. Ra3 Kf6 34. f4 Kf5 {[%emt 0:02:23] Black is slightly better.} 35. g3 h5 36. Nd1 Nc6 37. Ne3+ Ke6 38. Nd5 Ne7 {[%emt 0:00:39] Weighted Error Value: White=0.12 (very precise) /Black=0.10 (very precise)} (38... Kd6 $15) 1/2-1/2

[Event "SUI-ch Bundesturnier TP-1 2022"]
[Site "Payerne"]
[Date "2022.05.26"]
[Round "2.8"]
[White "Stijve, Niels"]
[Black "Loeffler, Markus"]
[Result "1/2-1/2"]
[ECO "B32"]
[WhiteElo "1994"]
[BlackElo "2272"]
[Annotator "TA"]
[PlyCount "69"]
[EventDate "2022.05.26"]
[EventType "swiss"]
[EventCountry "SUI"]
[SourceTitle "playchess.com"]
[Source "ChessBase"]
[SourceQuality "1"]
[TimeControl "5400+30"]

1. e4 c5 2. Nf3 Nc6 3. d4 cxd4 4. Nxd4 e5 5. Nb5 d6 6. c4 Be6 $1 {[%emt 0:00:32][%mdl 4] is now more promising than 6...Be7.} 7. N1c3 a6 8. Na3 g6 {[%emt 0:00:33] B32: Sicilian: Löwenthal and Kalashnikov Variations.} 9. Nc2 Bg7 {[%emt 0:03:34] [#]} 10. Ne3 $146 ({Predecessor:} 10. Be3 Nf6 11. Be2 Rc8 12. b3 O-O 13. O-O b5 14. cxb5 Ne7 15. Bd2 axb5 16. Bxb5 {0-1 (35) Anand,V (2753)-Maghsoodloo,P (2676) Chess.com INT 2020}) 10... Nf6 11. g3 (11. Bd3 $11) 11... O-O 12. Bg2 Rc8 13. O-O Na5 14. b3 b5 $1 15. Ba3 bxc4 16. Bxd6 Re8 ({Don't take} 16... cxb3 17. Bxf8 Qxf8 18. Ncd5 $16) 17. Bxe5 cxb3 18. axb3 Nc6 (18... Qxd1 $11 19. Rfxd1 Nxb3) 19. Bd6 ({White should play} 19. Bxf6 $14 Qxf6 20. Rc1) 19... Ng4 $11 20. Nxg4 {[%emt 0:09:28] [#] Black must now prevent e5.} Bxg4 ({Better is} 20... Bxc3 $11 21. Rc1 Bxg4 22. Qxg4 Bd2 23. Rxc6 Rxc6) 21. Qxg4 $14 Qxd6 22. Rac1 (22. Rad1 $14 Nd4 23. Nd5) 22... Nd4 {[%emt 0:02:17] [#] Hoping for ...Qe6.} 23. Nb5 $1 Qe6 (23... Qb8 24. Nxd4) 24. Qxe6 Nxe6 25. Nd6 Rxc1 26. Rxc1 Rd8 27. Rc8 Rxc8 28. Nxc8 $11 {[%emt 0:00:06][%mdl 4096] Endgame KBN-KBN} Nc5 29. b4 Nd3 30. Ne7+ Kf8 31. Nd5 {[%emt 0:00:54] Threatens to win with Bf1.} (31. Nc6 $5 ) 31... Bd4 {[%emt 0:00:58] The position is equal.} 32. Bf1 Nxf2 33. Kg2 Nxe4 34. Bxa6 Nc3 35. Nxc3 {[%emt 0:02:34] Weighted Error Value: White=0.16 (very precise) /Black=0.15 (very precise)} 1/2-1/2

[Event "SUI-ch Bundesturnier TP-1 2022"]
[Site "Payerne"]
[Date "2022.05.26"]
[Round "2.9"]
[White "Kamber, Bruno"]
[Black "Pellicoro, Fabian"]
[Result "1/2-1/2"]
[ECO "C41"]
[WhiteElo "2225"]
[BlackElo "1899"]
[Annotator "TA"]
[PlyCount "62"]
[EventDate "2022.05.26"]
[EventType "swiss"]
[EventCountry "SUI"]
[SourceTitle "playchess.com"]
[Source "ChessBase"]
[SourceQuality "1"]
[TimeControl "5400+30"]

1. e4 d6 2. Nf3 Nf6 3. Nc3 e5 4. d4 Nbd7 5. Bc4 Be7 6. O-O O-O 7. a4 a5 8. Re1 c6 {[%emt 0:02:28] 8...b6 is not played anymore.} 9. h3 exd4 10. Qxd4 Nb6 {[%emt 0:05:40] C41: Philidor Defence.} 11. Bf1 d5 12. exd5 Nbxd5 {[%emt 0:05:38] The position is equal.} 13. Nxd5 (13. Bg5 $5 ) 13... Nxd5 {[%emt 0:01:51] [#]} 14. Qe4 $146 {[%emt 0:01:51] Black must now prevent c4.} ({Predecessor:} 14. c3 Bf5 15. Qd1 Qc7 16. Bd3 Bxd3 17. Qxd3 h6 18. Nd4 Bf6 19. Nf5 Rfe8 20. Bd2 {0-1 (33) Marczuk,A (1931)-Gumularz,S (2267) Suchedniow 2016}) 14... Bf6 15. c3 g6 16. Bh6 Bf5 17. Qe2 Re8 18. Qd2 Qd7 19. Nd4 Rad8 20. Bg5 Bxg5 21. Qxg5 Be6 22. Qh6 ({White should play} 22. Nxe6 $16 Rxe6 23. Rxe6 fxe6 24. Re1) 22... Nf6 23. Re5 Bd5 24. Rae1 $40 {[%emt 0:03:47][%cal Od4f5][%mdl 128] White is up to no good.} (24. Nf5 {feels hotter.} Nh5 25. Rae1 Re6 26. R5e3) 24... Rxe5 25. Rxe5 {[%emt 0:00:07][%cal Od4f5] aiming for Nf5!} Re8 26. Qe3 (26. Nf5 {keeps more tension.} Nh5 27. Rxe8+ Qxe8 28. Qg5) 26... Rxe5 27. Qxe5 Kg7 (27... Qd8 $11) 28. c4 $1 $16 Be4 29. f3 Bb1 {[%emt 0:01:30] [#]} 30. g4 $1 {[%emt 0:00:05] Threatens to win with g5.} Qe8 {[%emt 0:01:09] [#]} 31. f4 {[%emt 0:01:14][%mdl 8192] White is much more active.} (31. Qxe8 $1 $16 Nxe8 32. Nb3) 31... Qxe5 {[%emt 0:02:09] Weighted Error Value: White=0.32/Black=0.19 (very precise)} 1/2-1/2

[Event "SUI-ch Bundesturnier TP-1 2022"]
[Site "Payerne"]
[Date "2022.05.26"]
[Round "2.10"]
[White "Deveci, Sinan"]
[Black "Pomini, Aurelien"]
[Result "0-1"]
[ECO "D28"]
[WhiteElo "1931"]
[BlackElo "2216"]
[Annotator "TA"]
[PlyCount "128"]
[EventDate "2022.05.26"]
[EventType "swiss"]
[EventCountry "SUI"]
[SourceTitle "playchess.com"]
[Source "ChessBase"]
[SourceQuality "1"]
[TimeControl "5400+30"]

1. d4 d5 2. c4 dxc4 3. Nf3 Nf6 4. e3 e6 5. Bxc4 c5 6. Qe2 a6 7. O-O b5 8. Bd3 {[%emt 0:00:16] seems to push 8.Bb3 aside.} Nc6 9. a4 b4 {[%emt 0:06:01][%cal Rc5d4] D28: Queen's Gambit Accepted: Classical main line: 7 Qe2 with early ...Nc6.} 10. dxc5 Bxc5 11. Nbd2 Bb7 {[%emt 0:03:24] White is slightly better.} 12. Rd1 Qe7 13. Nc4 O-O {[%emt 0:01:45] [#]} 14. Nce5 $146 (14. e4 $11) ({Predecessor:} 14. e4 Ng4 15. Be3 Nxe3 16. fxe3 e5 17. a5 Rfd8 18. Rf1 b3 19. Nb6 Bxb6 20. axb6 {0-1 (45) Paal,J-Byrne,R Pittsburgh 1946}) 14... Rfd8 15. Nxc6 Bxc6 16. Ne5 Bb7 17. Bd2 (17. b3 $11) 17... a5 $15 18. e4 (18. Be1 $15) 18... h6 (18... Qd6 $17 19. Bf4 Bd4) 19. Nc4 (19. Rac1 $11) 19... e5 (19... Qc7 $17 {[%cal Od8d3] aiming for ...Rxd3!} 20. h3 Qc6) 20. Be3 $11 Bd4 21. Bxd4 Rxd4 22. f3 Nd7 {[%emt 0:02:23] Threatens to win with ...Nc5.} 23. Ne3 $1 {[%emt 0:03:11] And now Nf5 would win.} g6 {[%emt 0:03:21] Prevents Nf5.} 24. Bb5 Rxd1+ (24... Nc5 $11 {remains equal.}) 25. Rxd1 $16 Nb6 (25... Nf8 $142) 26. Nc4 (26. Qd3 $16) 26... Nxc4 $11 27. Bxc4 Rd8 28. Rxd8+ Qxd8 29. Qd3 Qxd3 30. Bxd3 $15 {[%emt 0:00:02][%mdl 4096] Endgame KB-KB} Kf8 31. Kf2 Ke7 32. Ke3 Bc8 33. Bc4 f5 34. Kd3 f4 35. b3 (35. g4 $1 $15) 35... g5 36. h3 $2 (36. Bg8 $17) 36... Kd6 (36... Kd7 $1 $19 {is more deadly. Strongly threatening ...Kc7.} 37. Ke2 Kd6) 37. Ke2 $17 Be6 (37... Kd7 $142) 38. Bxe6 Kxe6 {[%emt 0:00:04] KP-KP} 39. Kf2 Kd6 $1 40. g4 {[%emt 0:00:26] [#]} fxg3+ $1 41. Kxg3 {[%emt 0:00:01] [#]} Kc5 $1 42. Kg4 Kd4 43. Kf5 Kc3 44. Kxe5 Kxb3 45. Kf6 Kxa4 46. e5 {[%emt 0:00:09] Black must now prevent e6.} b3 47. e6 b2 48. e7 b1=Q 49. e8=Q+ $15 {[%emt 0:00:05] KQ-KQ} Qb5 50. Qe3 (50. Qe4+ $15 Kb3 51. Qb1+ Kc4 52. Qc2+ Kd4 53. Qd2+ Kc5 54. Qe3+ Kb4 55. Qe1+ Ka4 56. Qa1+ Kb3 57. Qb1+ Kc4 58. Qc2+ Kd4 59. Qd2+ Kc5 60. Qe3+ Kb4 61. Qe1+ Ka3 62. Qa1+ Kb3 63. Qb1+) 50... Qb3 (50... Qc6+ $17 51. Kg7 Kb5 52. Qe5+ Kb6 53. Qd4+ Ka6 54. Qd3+ Kb7) 51. Qd4+ Qb4 52. Qa1+ ({Better is} 52. Qd1+ $15 Kb5 53. Kg6) 52... Kb5 {[%emt 0:00:41] Black is more active.} (52... Kb3 $17 {( -> ...Qc3+)} 53. Kg6 Qd6+ 54. Kh5 a4 55. Qb1+ Kc4 56. Qc2+ Kb5 57. Qb2+ Kc6 58. Qc2+ Kb5 59. Qb2+ Kc6 60. Qc2+ Kb5) 53. Kg6 $1 a4 54. Qf1+ (54. Kxh6 $15 a3 55. Qe5+ Ka4 56. Qe6) 54... Ka5 55. Kxh6 a3 56. Qc1 (56. Qd3 $17 {was worth a try.}) 56... a2 $19 57. Qa1 $2 (57. Kh5 $19 Kb6 58. Qe3+ Kb7 59. Qe5 Qh4+ 60. Kg6) 57... Qb1 {[%emt 0:01:19] Black mates.} 58. Qe5+ Ka4 59. Qe8+ Kb3 60. Qf7+ Kc2 61. Qc4+ Kd2 62. Qd5+ Ke1 63. Qa5+ Kf1 64. Qa6+ Kg1 {[%emt 0:00:46] Weighted Error Value: White=0.31/Black=0.22 (precise)} 0-1